 Dungeon Crawl Stone Soup version 0.28-a0-664-gc179e30c89 (webtiles) character file.

Game seed: 17534332861514246812

3030 lawman0 the Grappler (level 9, -1/78 HPs)
             Began as a Troll Earth Elementalist on Oct 15, 2021.
             Was a Believer of Wu Jian.
             Slain by an orc warrior (10 damage)
             ... on level 7 of the Dungeon.
             The game lasted 00:11:14 (5610 turns).

lawman0 the Grappler (Troll Earth Elementalist)     Turns: 5610, Time: 00:11:14

Health: -1/78      AC:  4    Str: 18    XL:     9   Next: 56%
Magic:  12/12      EV: 10    Int: 14    God:    Wu Jian [**....]
Gold:   179        SH:  0    Dex: 10    Spells: 1/13 levels left

rFire   . . .      SeeInvis .     - Unarmed
rCold   . . .      Faith    .   (no shield)
rNeg    + . .      Spirit   .   b - +0 robe
rPois   .          Reflect  .   (helmet restricted)
rElec   .          Harm     .   (no cloak)
rCorr   .          Rampage  .   (gloves unavailable)
Will    +....                   (boots unavailable)
Stlth   +.........              (no amulet)
HPRegen 1.23/turn               l - ring of willpower
MPRegen 0.13/turn               m - ring of positive energy

@: flying
A: large, unfitting armour, claws 3, regeneration 1, shaggy fur 1, tough skin 1
a: Renounce Religion, Wall Jump


You were on level 7 of the Dungeon.
You worshipped Wu Jian.
Wu Jian was pleased with you.
You visited 2 branches of the dungeon, and saw 8 of its levels.

You collected 298 gold pieces.
You spent 119 gold pieces at shops.

Inventory:

Missiles
 c - 18 stones
 i - 5 datura-tipped darts
Armour
 b - a +0 robe (worn)
Magical Staves
 e - a staff of conjuration
Jewellery
 l - a ring of willpower (left claw)
 m - a ring of positive energy (right claw)
 u - an amulet of magic regeneration
Wands
 t - a wand of charming (4)
Scrolls
 a - 2 scrolls of teleportation {unknown}
 f - a scroll of magic mapping
 g - 2 scrolls of fog
 h - a scroll of immolation
 k - 3 scrolls of brand weapon {unknown}
 q - a scroll of enchant weapon
 r - 2 scrolls of enchant armour
 s - 2 scrolls of blinking
 v - a scroll of amnesia {unknown}
Potions
 d - 4 potions of might
 j - a potion of flight
 n - a potion of curing
 o - a potion of attraction
 p - 2 potions of cancellation


   Skills:
 + Level 1.6 Fighting
 + Level 2.9 Dodging
 + Level 1.3 Stealth
 * Level 8.3 Unarmed Combat
 + Level 2.9 Spellcasting
 * Level 1.0 Hexes
 * Level 3.7 Transmutations
 * Level 6.6 Earth Magic


You had one spell level left.
You knew the following spells:

 Your Spells              Type           Power      Damage    Failure   Level
a - Sandblast             Erth           40%        2d10      1%          1
b - Passwall              Tmut/Erth      13%        N/A       4%          2
c - Stone Arrow           Conj/Erth      22%        3d8       17%         3
d - Tukima's Dance        Hex            5%         N/A       38%         3
e - Swiftness             Air            2%         N/A       54%         3

Your spell library contained the following spells:

 Spells                   Type           Power      Damage    Failure   Level
 Ensorcelled Hibernation  Hex/Ice        6%         N/A       26%         2
 Petrify                  Tmut/Erth      16%        N/A       26%         4
 Invisibility             Hex            2%         N/A       100%        6


Dungeon Overview and Level Annotations

Branches:
Dungeon (7/15)             Temple (1/1) D:4

Altars:
Elyvilon
Fedhas
Gozag
Hepliaklqana
Kikubaaqudgha
Makhleb
Nemelex Xobeh
Qazlal
Sif Muna
Trog
Uskayaw
Vehumet
Wu Jian
Yredelemnul
Zin

Shops:
D:2 *

Annotations:
D:3 1 runed translucent door, Crazy Yiuf


Innate Abilities, Weirdness & Mutations

You are too large for most types of armour.
You have claws for hands.
Your natural rate of healing is unusually fast.
You are covered in fur. (AC +1)
You have tough skin. (AC +1)


Message History

* * * LOW HITPOINT WARNING * * *
The bullfrog hits you.
* * * LOW HITPOINT WARNING * * *
Unknown command.
Blink to where?
Press: ? - help, Dir - move target
As you read the scroll of blinking, it crumbles to dust.
The orc throws a boomerang.
The boomerang hits you.
* * * LOW HITPOINT WARNING * * *
Unknown command.
It was a potion of flight.
You feel very buoyant.
You fly up into the air.
You lunge at the orc.
You mangle the orc!!
You kill the orc!
The Council accepts your kill.
You hear a distant slurping noise.
You claw the bullfrog!
You kill the bullfrog!
The Council accepts your kill.
You lunge at the orc.
You mangle the orc!!
You kill the orc!
The Council accepts your kill.
An orc warrior comes into view. It is wielding a +0 glaive.
Items here: ! ) ? †.
The orc warrior shouts!
Items here: ( ) [ †.
You feel a little less mighty now.
The orc warrior hits you from afar with a +0 glaive!!
* * * LOW HITPOINT WARNING * * *
You lunge at the orc warrior.
You closely miss the orc warrior.
The orc warrior hits you with a +0 glaive.
* * * LOW HITPOINT WARNING * * *
Items here: ( ) [ †.
You scratch the orc warrior but do no damage.
You claw the orc warrior, but do no damage.
The orc warrior misses you.
You barely miss the orc warrior.
The orc warrior hits you with a +0 glaive!
You die...

....................
..##########.##..###
#.# #.##..####### .
..# #.##........##.#
### #.##...........
#.##....†...#
#....<......#
#)######'####
#...o@...#
#.######.#### #.#
#.......#
#)#####.###.#
#.#.........#
#.#.....#####
#.#.....# #.#.o...#
##)#.....#


You could see an orc warrior.

Vanquished Creatures
  4 yaks (D:5)
  A water moccasin (D:6)
  An orc warrior (D:6)
  2 ogres (D:5)
  2 necrophages (D:5)
  A sky beast (D:6)
  2 centaurs (D:7)
  A phantom (D:5)
  5 kobold brigands (D:7)
  2 bullfrogs
  A scorpion (D:7)
  2 water moccasin zombies
  2 water moccasin skeletons
  5 wights (D:5)
  A bullfrog zombie (D:5)
  4 hounds
  2 jellies
  2 iguanas (D:5)
  Natasha (thrice) (D:3)
  7 orc wizards
  3 adders
  2 shadow imps
  A white imp (D:6)
  A worm (D:5)
  A dart slug (D:2)
  18 orcs
  3 bats
  9 endoplasms
  7 giant cockroaches
  8 goblins
  4 hobgoblins
  2 jackals (D:1)
  12 kobolds
  4 quokkas
  8 ball pythons
  2 frilled lizards (D:1)
  6 rats
141 creatures vanquished.

Vanquished Creatures (others)
  7 fungi (D:7)
  11 toadstools (D:7)
18 creatures vanquished.

Grand Total: 159 creatures vanquished

Notes
Turn   | Place    | Note
-------+----------+-------------------------------------------
     0 | D:1      | lawman0 the Troll Earth Elementalist began the quest for
                  | the Orb.
     0 | D:1      | Reached XP level 1. HP: 16/16 MP: 1/1
    71 | D:1      | Reached skill level 1 in Transmutations
    97 | D:1      | Reached XP level 2. HP: 24/24 MP: 2/2
   209 | D:1      | Found a faded altar of an unknown god.
   745 | D:2      | Found Dadetus's Assorted Antiques.
   749 | D:2      | Reached XP level 3. HP: 31/31 MP: 3/3
   823 | D:2      | Reached skill level 1 in Unarmed Combat
  1142 | D:3      | Noticed Natasha
  1155 | D:3      | Killed Natasha
  1161 | D:3      | Reached XP level 4. HP: 29/39 MP: 2/5
  1174 | D:3      | Learned a level 2 spell: Passwall
  1220 | D:3      | Noticed Natasha
  1235 | D:3      | Killed Natasha
  1236 | D:3      | Reached skill level 2 in Unarmed Combat
  1470 | D:3      | Noticed Natasha
  1483 | D:3      | Killed Natasha
  1704 | D:3      | Reached XP level 5. HP: 40/45 MP: 2/6
  1961 | D:3      | Found a runed translucent door.
  1962 | D:3      | Noticed Crazy Yiuf
  2172 | D:2      | Bought a yellow potion for 22 gold pieces
  2172 | D:2      | Bought a sapphire potion for 22 gold pieces
  2172 | D:2      | Bought a scroll labelled KAXKUQ ARPHE for 25 gold pieces
  2440 | D:4      | Learned a level 3 spell: Stone Arrow
  2515 | D:4      | Found a staircase to the Ecumenical Temple.
  2517 | D:4      | Reached skill level 3 in Unarmed Combat
  2616 | Temple   | Entered the Ecumenical Temple
  2707 | Temple   | Became a worshipper of the Wu Jian Council
  3107 | D:2      | Bought a scroll labelled WIMOHE CITOHYTS for 25 gold pieces
  3107 | D:2      | Bought a scroll labelled DAPY PEAHUUTT for 25 gold pieces
  3162 | D:5      | Entered Level 5 of the Dungeon
  3162 | D:5      | Noticed a necrophage
  3169 | D:5      | Killed a necrophage
  3249 | D:5      | Reached XP level 6. HP: 49/53 MP: 7/7
  3354 | D:5      | Reached skill level 4 in Unarmed Combat
  3428 | D:5      | Reached XP level 7. HP: 41/61 MP: 2/8
  3709 | D:5      | Reached skill level 5 in Earth Magic
  3833 | D:5      | Reached skill level 5 in Unarmed Combat
  3842 | D:5      | HP: 3/60 [ogre (27)]
  3877 | D:5      | Reached XP level 8. HP: 41/68 MP: 10/10
  4251 | D:5      | Reached * piety under Wu Jian
  4252 | D:5      | Reached skill level 1 in Fighting
  4272 | D:5      | Reached skill level 6 in Unarmed Combat
  4513 | D:6      | Found a white marble altar of Elyvilon.
  4706 | D:6      | Learned a level 3 spell: Tukima's Dance
  4739 | D:6      | Reached XP level 9. HP: 57/76 MP: 12/12
  4743 | D:6      | Learned a level 3 spell: Swiftness
  4921 | D:6      | Reached skill level 7 in Unarmed Combat
  5564 | D:7      | Reached skill level 8 in Unarmed Combat
  5571 | D:7      | Reached ** piety under Wu Jian
  5578 | D:7      | Reached skill level 1 in Hexes
  5610 | D:7      | Slain by an orc warrior

Illustrated notes

Levels and vault maps discovered:
D:1:      minmay_arrival_up_and_down, layout_rooms,
          hellmonk_ecumenical_altar_run_dry
D:2:      layout_rooms, serial_shops, shop_fountains, serial_rivers,
          chequers_serial_rivers_small_3, chequers_serial_rivers_micro_a,
          chequers_serial_rivers_micro_c, chequers_serial_rivers_micro_e,
          chequers_serial_rivers_micro_e
D:3:      layout_basic, uniq_natasha, uniq_crazy_yiuf_cottage
D:4:      layout_cave_pods, minmay_temple_entry_butterflies
D:5:      layout_loops_ring, chequers_serial_rivers_small_a, grunt_ministairs_2,
          nrook_mini_backslash
D:6:      layout_cave_pools, nicolae_elyvilon_peaceful_grove,
          serial_co_window_serial, co_window_paths_a, co_window_corner_a,
          co_window_paths_a, co_window_paths_b, co_window_paths_a,
          co_window_unsneaky_path_d, co_window_broadway_a, co_window_corner_cb,
          co_window_unsneaky_path_e, co_window_paths_c,
          co_window_of_opportunity_c, glass_columns_a, glass_columns_a,
          glass_columns_c, glass_columns_c, grunt_decor_one_mirror
D:7:      cheibrodos_fertilizer, layout_basic
Temple:   eino_narrow_crystal_temple

Skill      XL: |  1  2  3  4  5  6  7  8  9 |
---------------+----------------------------+-----
Transmutations | 1 2 3 |  3.7
Earth Magic    | 3 4 5 6 |  6.6
Unarmed Combat | 1 2 3 4 5 6 8 |  8.3
Dodging        | 2 |  2.9
Spellcasting   | 2 |  2.9
Fighting       | 1 |  1.6
Hexes          | 1 |  1.0
Stealth        | |  1.3

Action                   |  1- 3 |  4- 6 |  7- 9 || total
-------------------------+-------+-------+-------++-------
Melee: Unarmed           |    74 |   115 |   275 ||   464
       Punch             |       |     1 |     5 ||     6
 Cast: Sandblast         |    15 |    37 |    30 ||    82
Invok: Lunge             |       |     2 |    13 ||    15
       Whirlwind         |       |       |    37 ||    37
  Use: Scroll            |       |     4 |     5 ||     9
       Potion            |       |       |     7 ||     7
 Stab: Sleeping          |       |     1 |       ||     1
Armor: Robe              |    23 |    45 |    45 ||   113
       Skin              |       |       |     9 ||     9
Dodge: Dodged            |    38 |    61 |   130 ||   229

Table legend: (Time is in decaauts)
 A = Elapsed time spent in this place.
 B = Non-inter-level travel time spent in this place.
 C = Inter-level travel time spent in this place.
 D = Time resting spent in this place.
 E = Time spent auto-exploring this place.
 F = Levels seen in this place.
 G = Mean time per level.
                   A        B        C        D        E       F      G
               +--------+--------+--------+--------+--------+-----+--------+
         Total |   5590 |   5206 |    384 |    171 |   3867 |   8 |  698.8 |
       Dungeon |   5485 |   5138 |    347 |    171 |   3812 |   7 |  783.6 |
        Temple |    105 |     68 |     37 |      0 |     55 |   1 |  105.0 |
               +--------+--------+--------+--------+--------+-----+--------+

Top non-repeatable levels by time:
     D:5: 1318 daAuts
     D:3: 1026 daAuts
     D:6: 874 daAuts
     D:4: 843 daAuts
     D:1: 627 daAuts
     D:2: 565 daAuts
     D:7: 229 daAuts
  Temple: 105 daAuts
